 Dungeon Sprint DCSS version 0.23-a0-703-gdf2d5e0dd9 (webtiles) character file.

338 Denreik the Fighter (level 6, -2/60 (62) HPs)
             Began as a Formicid Fighter on Jan 12, 2019.
             Slain by Menkaure (3 damage)
             ... in the Dungeon (Sprint II: "The Violet Keep of Menkaure").
             The game lasted 00:00:55 (23 turns).

Denreik the Fighter (Formicid Fighter)                Turns: 23, Time: 00:00:56

HP:   -2/60 (62)    AC:  7    Str: 22    XL:     6   Next: 85%
MP:   6/6           EV:  9    Int:  8    God:
Gold: 0             SH: 11    Dex: 10    Spells: 5/5 levels left

rFire    . . .     SeeInvis +   a - +0 quarterstaff
rCold    . . .     Gourm    .   c - +0 shield
rNeg     . . .     Faith    .   b - +0 scale mail
rPois    .         Spirit   .   (helmet unavailable)
rElec    .         Reflect  .   (no cloak)
rCorr    .         Harm     .   (no gloves)
MR       .....                  (no boots)
Stlth    ..........             (no amulet)
HPRegen  0.00/turn              (no ring)
MPRegen  0.10/turn              (no ring)

@: non-regenerating, mildly diseased
A: permanent stasis, dig shafts and tunnels, four strong arms, antennae 3
a: Dig


You were in the Dungeon.
You were not hungry.

You visited 1 branch

Inventory:

Hand Weapons
 a - a +0 quarterstaff (weapon)
Armour
 b - a +0 scale mail (worn)
 c - a +0 shield (worn)
Scrolls
 k - a scroll of blinking
Potions
 d - a potion of might
 e - a potion of curing
 g - a potion of heal wounds
 h - a potion of haste
 i - 2 potions of magic
 j - a potion of berserk rage
Comestibles
 f - a ration


   Skills:
 - Level 11.1 Fighting
 - Level 2.0 Staves
 * Level 6.8 Armour
 - Level 9.5 Shields


You had 5 spell levels left.
You didn't know any spells.
Your spell library was empty.

Dungeon Overview and Level Annotations

Branches:
Dungeon (1/1)

Altars:

Annotations:
D Menkaure


Innate Abilities, Weirdness & Mutations

You cannot be hasted, slowed, berserked, paralysed or teleported.
You can dig through walls and to a lower floor.
Your four strong arms can wield two-handed weapons with a shield.
You have a pair of large antennae on your head. (SInv)


Message History

The necrophage hits you but does no damage.
You barely miss the necrophage.
The necrophage hits you but does no damage.
You hit the necrophage but do no damage.
The necrophage hits you but does no damage.
You bludgeon the necrophage!!
The necrophage is severely damaged.
The necrophage hits you but does no damage.
You sock the necrophage!
You destroy the necrophage!
Your Armour skill gained 3 levels and is now at level 6!
You sock Menkaure!
Menkaure is severely damaged.
Menkaure gestures at you while chanting.
Pain shoots through your body!
* * * LOW HITPOINT WARNING * * *
You hit Menkaure.
Menkaure is almost destroyed.
Menkaure hits you.
You die...

{ { { { #
#+# .## {
##.##...#
+.<@M#
##.##...#
#+# .## #
{{ { {


You could see Menkaure.

Vanquished Creatures
  4 necrophages (D)
4 creatures vanquished.

Notes
Turn   | Place    | Note
-------+----------+-------------------------------------------
     0 | D        | Denreik the Formicid Fighter began the quest for the Orb.
     0 | D        | Reached XP level 1. HP: 18/18 MP: 1/1
     1 | D        | Noticed a necrophage
     1 | D        | Noticed a necrophage
     1 | D        | Noticed a necrophage
     1 | D        | Noticed a necrophage
     9 | D        | Killed a necrophage
     9 | D        | Reached skill level 9 in Fighting
     9 | D        | Reached XP level 2. HP: 13/33 MP: 2/2
     9 | D        | Reached XP level 3. HP: 15/39 MP: 3/3
     9 | D        | Reached XP level 4. HP: 18/45 MP: 4/4
    14 | D        | Killed a necrophage
    14 | D        | Reached skill level 10 in Fighting
    14 | D        | Reached XP level 5. HP: 20/52 MP: 5/5
    15 | D        | Noticed Menkaure
    17 | D        | Killed a necrophage
    17 | D        | Reached skill level 11 in Fighting
    17 | D        | Reached XP level 6. HP: 13/60 MP: 6/6
    21 | D        | Killed a necrophage
    22 | D        | HP: 1/60 [Menkaure/nerve-wracking pain (12)]
    23 | D        | Slain by Menkaure

Vault maps used:
D:        the_violet_keep_of_menkaure

Skill      XL: |  1  2  3  4  5  6 |
---------------+-------------------+-----
Fighting       | 9 10 11 | 11.1
Shields        | 7 9 |  9.5
Armour         | 6 |  6.8
Staves         | |  2.0

Action                   |  1- 3 |  4- 6 || total
-------------------------+-------+-------++-------
Melee: Quarterstaff      |     7 |    14 ||    21
Armor: Scale mail        |       |     7 ||     7
Dodge: Dodged            |     1 |     2 ||     3
Block: Shield            |     3 |     4 ||     7

Table legend:
 A = Non-vault XP
 B = Vault XP
 C = Vault XP percentage of total XP
 D = Non-vault monster count
 E = Vault monster count
 F = Vault count percentage of total count
                 A         B        C        D         E       F
            +---------+---------+-------+---------+---------+-------
      Total |       0 |     483 | 100.0 |       0 |       4 | 100.0
            +---------+---------+-------+---------+---------+-------
          D |       0 |     483 | 100.0 |       0 |       4 | 100.0
            +---------+---------+-------+---------+---------+-------
